 Dungeon Crawl Stone Soup version 0.27.0-1-g7a089689b8 (webtiles) character file.

Game seed: 16188522852181601147

1376 Spaninq the Fighter (level 8, -4/88 HPs)
             Began as an Ogre Necromancer on Aug 9, 2021.
             Was a Priest of Zin.
             Slain by an unseen horror (6 damage)
             ... on level 6 of the Dungeon.
             The game lasted 00:15:12 (6420 turns).

Spaninq the Fighter (Ogre Necromancer)              Turns: 6420, Time: 00:15:12

Health: -4/88      AC:  5    Str: 15    XL:     8   Next: 66%
Magic:  11/11      EV:  9    Int: 16    God:    Zin [***...]
Gold:   262        SH:  0    Dex:  9    Spells: 9/11 levels left

rFire    + + .     SeeInvis +   e - +0 double sword
rCold    + . .     Faith    .   (no shield)
rNeg     . . .     Spirit   .   g - +2 robe {rF+}
rPois    +         Reflect  .   (helmet restricted)
rElec    +         Harm     .   (no cloak)
rCorr    +         Rampage  .   (gloves unavailable)
Will     .....                  (boots unavailable)
Stlth    +.........             (no amulet)
HPRegen  0.24/turn              c - ring of poison resistance
MPRegen  0.12/turn              h - ring of see invisible

@: brilliant, resistant, reciting, attractive
A: large, unfitting armour, tough skin 1
a: Renounce Religion, Recite, Vitalisation, Imprison, Donate Gold


You were on level 6 of the Dungeon.
You worshipped Zin.
Zin was most pleased with you.
You visited 1 branch of the dungeon, and saw 6 of its levels.

You collected 291 gold pieces.
You donated 29 gold pieces to Zin.

Inventory:

Hand Weapons
 e - a +0 double sword (weapon)
Armour
 g - a +2 robe of fire resistance (worn)
Jewellery
 c - a ring of poison resistance (left hand)
 h - a ring of see invisible (right hand)
 l - a ring of wizardry
Scrolls
 m - a scroll of summoning
Potions
 d - a potion of attraction


   Skills:
 + Level 8.0 Fighting
 * Level 6.8 Long Blades
 - Level 1.7 Dodging
 - Level 1.4 Stealth
 - Level 2.4 Spellcasting
 - Level 3.6 Necromancy
 + Level 3.4 Invocations


You had 9 spell levels left.
You knew the following spells:

 Your Spells              Type           Power      Damage    Failure   Level
a - Pain                  Necr           80%        1d8       4%          1
b - Apportation           Tloc           4%         N/A       21%         1

Your spell library contained the following spells:

 Spells                   Type           Power      Damage    Failure   Level
 Animate Skeleton         Necr           40%        N/A       4%          1
 Vampiric Draining        Necr           10%        2d7       14%         3
 Summon Small Mammal      Summ           8%         N/A       21%         1
 Blink                    Tloc           N/A        N/A       30%         2
 Animate Dead             Necr           10%        N/A       41%         4
 Call Canine Familiar     Summ           2%         N/A       52%         3
 Summon Guardian Golem    Hex/Summ       2%         N/A       52%         3
 Agony                    Necr           20%        N/A       77%         5
 Alistair's Intoxication  Tmut/Pois      1%         N/A       99%         5
 Manifold Assault         Tloc           2%         N/A       99%         5
 Invisibility             Hex            1%         N/A       100%        6
 Storm Form               Tmut/Air       1%         N/A       100%        7


Dungeon Overview and Level Annotations

Branches:
Dungeon (7/15)
 Temple: D:4-7

Altars:
Kikubaaqudgha
Makhleb
Zin

Shops:
D:2 [   D:4 [*

Annotations:
D:3 1 runed translucent door, Crazy Yiuf
D:6 Grinder


Innate Abilities, Weirdness & Mutations

You are too large for most types of armour.
You have tough skin. (AC +1)


Message History

You hit the unseen horror but do no damage.
The unseen horror is severely wounded.
The unseen horror hits you. x2
* * * LOW HITPOINT WARNING * * *
Okay, then.
Your magical effects are unravelling.
You feel magically purged.
You feel your willpower return. The unseen horror barely misses you.
It was a potion of attraction.
You feel attractive to monsters.
You are ready to recite again.
The unseen horror hits you!
* * * LOW HITPOINT WARNING * * *
It was a potion of magic.
Magic courses through your body. The unseen horror barely misses you.
The unseen horror hits you.
* * * LOW HITPOINT WARNING * * *
It was a potion of brilliance.
You feel clever all of a sudden. The unseen horror barely misses you.
It was a potion of ambrosia.
You are confused.
You feel invigorated.
The unseen horror hits you but does no damage.
It was a potion of resistance.
You feel protected. The unseen horror hits you!
* * * LOW HITPOINT WARNING * * *
Grinder comes into view.
She is carrying a wand of polymorph (6).
You bump into the rock wall.
You feel less invigorated.
You feel less confused.
Grinder shouts!
The unseen horror hits you!
* * * LOW HITPOINT WARNING * * *
The orc priest is pulled toward you!
You clear your throat and prepare to recite. "What of the legions of the damned?
Expelled for their..."
The orc is limned with silver light.
The orc shouts!
Grinder is dazed by your recitation. The unseen horror hits you.
You die...

### .. ## #.## .
#..# .♣♣♣. #@#
.....##x# ###
.._..'oo# #...
.....#.5#####....
.♣♣♣
#..o..(......####
##.............>#
............##.#
........... ...#
.......###. ##..#


You could see Grinder (dazed), an unseen horror (invisible), an orc priest
(confused) and 2 orcs.

Vanquished Creatures
  Sigmund (D:3)
  2 water moccasins (D:7)
  Duvessa (D:4)
  A hornet zombie (D:7)
  3 bullfrogs
  Dowan (D:4)
  A centaur skeleton (D:7)
  3 gnoll shamans
  Ijyb (D:3)
  Terence (D:3)
  An orc wizard (D:4)
  Natasha (thrice) (D:2)
  A killer bee zombie (D:6)
  10 gnolls
  A howler monkey skeleton (D:7)
  4 adders
  A white imp (D:7)
  A worm (D:2)
  3 dart slugs
  9 orcs
  2 bats
  8 endoplasms
  4 giant cockroaches
  3 goblins
  11 hobgoblins
  10 jackals
  11 kobolds
  2 quokkas (D:1)
  8 ball pythons
  A frilled lizard (D:3)
  10 rats
119 creatures vanquished.

Vanquished Creatures (collateral kills)
  A jackal (D:1)
  A rat (D:1)
2 creatures vanquished.

Grand Total: 121 creatures vanquished

Notes
Turn   | Place    | Note
-------+----------+-------------------------------------------
     0 | D:1      | Spaninq the Ogre Necromancer began the quest for the Orb.
     0 | D:1      | Reached XP level 1. HP: 16/16 MP: 3/3
    16 | D:1      | Reached skill level 1 in Fighting
   129 | D:1      | Reached skill level 2 in Fighting
   146 | D:1      | Reached XP level 2. HP: 26/28 MP: 1/5
   551 | D:1      | Reached skill level 3 in Fighting
   660 | D:1      | Reached XP level 3. HP: 25/37 MP: 1/6
   660 | D:1      | Found a faded altar of an unknown god.
   670 | D:1      | Became a worshipper of Zin the Law-Giver
   670 | D:1      | Reached * piety under Zin
  1418 | D:2      | Reached skill level 4 in Fighting
  1612 | D:2      | Reached skill level 1 in Long Blades
  1672 | D:2      | Reached XP level 4. HP: 41/48 MP: 7/7
  1930 | D:2      | Found Rockiw's Armour Emporium.
  2236 | D:2      | Noticed Natasha
  2239 | D:2      | Killed Natasha
  2313 | D:2      | Noticed Natasha
  2324 | D:2      | Killed Natasha
  2325 | D:2      | Reached XP level 5. HP: 28/55 MP: 8/8
  2525 | D:2      | Learned a level 1 spell: Apportation
  2673 | D:3      | Reached ** piety under Zin
  2682 | D:3      | Noticed Sigmund
  2686 | D:3      | Noticed Ijyb
  2689 | D:3      | Killed Sigmund
  2690 | D:3      | Reached skill level 5 in Fighting
  2690 | D:3      | Reached XP level 6. HP: 39/66 MP: 9/9
  2710 | D:3      | Killed Ijyb
  3326 | D:3      | Noticed Terence
  3336 | D:2      | Noticed Natasha
  3338 | D:2      | Killed Natasha
  3405 | D:3      | Killed Terence
  3497 | D:3      | Found a glowing silver altar of Zin.
  3679 | D:3      | Found a runed translucent door.
  3680 | D:3      | Noticed Crazy Yiuf
  3765 | D:4      | Reached skill level 6 in Fighting
  3778 | D:4      | Found an ancient bone altar of Kikubaaqudgha.
  3849 | D:4      | Found Ijithrove's General Store.
  3909 | D:4      | Reached XP level 7. HP: 75/75 MP: 10/10
  4033 | D:4      | Noticed Dowan
  4036 | D:4      | Noticed Duvessa
  4054 | D:4      | Killed Duvessa
  4079 | D:4      | Killed Dowan
  4080 | D:4      | Reached skill level 5 in Long Blades
  4081 | D:4      | Reached *** piety under Zin
  4458 | D:4      | Found Geaf Wai's Armour Shoppe.
  4937 | D:4      | You fall into a shaft and drop 3 floors!
  5098 | D:7      | Reached skill level 1 in Invocations
  5223 | D:7      | Reached skill level 7 in Fighting
  5223 | D:7      | Reached XP level 8. HP: 69/87 MP: 8/11
  6387 | D:6      | Reached skill level 8 in Fighting
  6395 | D:6      | Noticed an unseen horror
  6398 | D:6      | Found a burning altar of Makhleb.
  6418 | D:6      | Noticed Grinder
  6419 | D:6      | HP: 2/88 [unseen horror (10)]
  6420 | D:6      | Slain by an unseen horror

Illustrated notes

Levels and vault maps discovered:
D:1:      scummos_arrival_checkerplants, layout_loops_corners,
          ebering_ecumenical_altar_petrified
D:2:      layout_basic, serial_shops, shop, uniq_natasha
D:3:      layout_loops_cross, zin_statuary, uniq_terence,
          uniq_crazy_yiuf_cottage, uniq_sigmund, uniq_ijyb
D:4:      layout_basic, nicolae_overflow_crystal_walls, dk_xom_monty_hall,
          serial_shops, shop, kennysheep_mini, uniq_duvessa
D:6:      layout_loops_ring, mainiacjoe_overflow_six_doors_small,
          evilmike_ruin_ashenzari, uniq_grinder
D:7:      layout_rooms

Skill      XL: |  1  2  3  4  5  6  7  8 |
---------------+-------------------------+-----
Fighting       | 2 3 4 5 6 7 8 |  8.0
Long Blades    | 1 2 3 4 5 6 |  6.8
Invocations    | 1 3 |  3.4
Dodging        | |  1.7
Stealth        | |  1.4
Spellcasting   | |  2.4
Necromancy     | |  3.6

Action                   |  1- 3 |  4- 6 |  7- 9 || total
-------------------------+-------+-------+-------++-------
Melee: Unarmed           |     1 |       |       ||     1
       Short sword       |    40 |       |       ||    40
       Double sword      |    33 |   115 |   155 ||   303
 Cast: Pain              |    26 |       |       ||    26
Invok: Recite            |     2 |     7 |    17 ||    26
       Vitalisation      |       |       |     2 ||     2
  Use: Scroll            |     1 |     1 |     6 ||     8
       Potion            |       |     1 |     6 ||     7
 Stab: Sleeping          |     3 |     2 |     2 ||     7
       Confused          |       |     1 |     1 ||     2
       Invisible         |       |       |     1 ||     1
Armor: Robe              |    24 |    36 |    60 ||   120
Dodge: Dodged            |    42 |    67 |   102 ||   211
       Rpst.: Double sword |     4 |    22 |    33 ||    59
